Map: Lost and Found LE

Players

Crow - Winner!

  • Race: Zerg Zerg
  • Spawn Location: 7:00

NoRegreT

  • Race: Zerg Zerg
  • Spawn Location: 1:00

Event: WCS Montreal 2018

VOD

Have the link to the VOD?

Description

Time

  • Played on: Sept. 7, 2018, 1:11 p.m.
  • Length: 9:19

All games in this series

Show
View Real Time Build Order
Export as new Build Order

Crow Zerg - Winner!

Build Orders: Hatch First, Zergling Baneling 

Get SALT Encoding   

  12  0:00  Drone  
  13  0:12  Overlord  
  13  0:17  Drone  
  14  0:30  Drone x2  
  16  0:48  Hatchery  
  15  0:52  Drone  
  15  0:55  Drone  
  17  1:09  Spawning Pool  
  17  1:10  Extractor  
  15  1:14  Drone  
  15  1:17  Drone  
  17  1:20  Drone  
  18  1:28  Drone  
  19  1:39  Overlord  
  19  1:50  Drone  
  20  1:56  Queen  
  20  1:59  Queen  
  20  2:00  Zergling x2  
  20  2:01  Zergling x2  
  26  2:10  Metabolic Boost  
  26  2:12  Drone  
  26  2:14  Drone  
  28  2:21  Drone  
  29  2:33  Spine Crawler  
  29  2:36  Queen  
  30  2:39  Baneling Nest  
  30  2:40  Drone  
  30  2:46  Overlord  
  30  2:59  Overlord  
  30  3:04  Zergling x8  
  35  3:12  Zergling x2  
  35  3:13  Zergling x2  
  36  3:22  Baneling  
  36  3:23  Baneling x3  
  36  3:26  Baneling  
  35  3:27  Zergling x4  
  35  3:28  Zergling x4  
  39  3:38  Zergling x2  
  39  3:39  Zergling x4  
  42  3:45  Baneling x2  
  42  3:48  Zergling x4  
  44  3:55  Zergling x6  
  40  3:59  Drone  
  39  4:09  Drone x2  
  41  4:15  Drone  
  42  4:19  Overlord  
  42  4:22  Drone  
  42  4:23  Baneling x2  
  43  4:36  Drone  
  37  4:44  Drone, Hatchery  
  37  4:45  Drone x2  
  38  4:47  Drone  
  39  4:53  Zergling x4  
  39  4:58  Zergling x6  
  43  5:05  Zergling x6  
  46  5:11  Overlord  
  46  5:13  Baneling x2  
  46  5:14  Evolution Chamber  
  45  5:18  Drone x3  
  48  5:24  Zergling x4  
  50  5:32  Zergling x4  
  50  5:33  Baneling x4  
  52  5:39  Zergling x6  
  46  5:52  Zergling x10  
  46  5:54  Baneling x2  
  50  5:58  Zergling x4  
  50  6:02  Zergling x4  
  50  6:03  Zergling x4  
  49  6:05  Queen  
  49  6:10  Zergling x4  
  51  6:11  Baneling x2  
  51  6:15  Zergling x2  
  49  6:19  Zerg Missile Weapons Level 1  
  49  6:21  Queen  
  49  6:23  Baneling  
  51  6:26  Zergling x4  
  51  6:29  Zergling x2  
  51  6:30  Zergling x2  
  55  6:33  Zergling x4  
  55  6:34  Baneling  
  55  6:39  Zergling x6  
  59  6:47  Zergling x6  
  47  6:55  Zergling x2  
  47  7:00  Baneling x2  
  47  7:01  Zergling x6  
  48  7:07  Zergling x4  
  49  7:12  Baneling x2  
  49  7:14  Zergling x2  
  50  7:19  Queen  
  50  7:21  Zergling x4  
  47  7:25  Zergling x2  
  47  7:33  Zergling x6  
  47  7:36  Zergling x2  
  47  7:37  Zergling x4  
  51  7:38  Zergling x2  
  51  7:39  Baneling x3  
  52  7:54  Roach Warren  
  52  7:58  Zergling x12  
  47  8:05  Zergling x4  
  51  8:10  Zergling x2  
  49  8:14  Zergling x2  
  49  8:16  Queen  
  49  8:17  Extractor  
  50  8:21  Drone x2  
  50  8:24  Drone  
  54  8:34  Zergling x4  
  54  8:35  Baneling x6  
  55  8:46  Zergling x2, Spine Crawler  
  55  8:47  Zergling x6  
  58  8:51  Zergling x6  
  58  8:53  Zergling x2  
  60  8:59  Baneling x4  
Show
View Real Time Build Order
Export as new Build Order

NoRegreT Zerg 

Build Orders: Hatch First, Zergling Baneling 

Get SALT Encoding   

  12  0:00  Drone  
  13  0:07  Drone  
  14  0:21  Extractor x2  
  14  0:22  Drone x2  
  16  0:43  Hatchery  
  16  0:47  Extractor  
  14  0:58  Spawning Pool  
  14  1:02  Drone  
  14  1:09  Extractor, Drone  
  15  1:16  Overlord  
  15  1:34  Drone  
  15  1:35  Drone  
  17  1:44  Queen  
  19  1:49  Metabolic Boost  
  19  1:56  Queen  
  19  2:00  Drone  
  22  2:03  Zergling x2  
  22  2:06  Zergling x2  
  24  2:11  Zergling x2  
  24  2:13  Zergling x2  
  26  2:17  Zergling x2  
  26  2:20  Zergling x2  
  28  2:28  Overlord  
  28  2:46  Zergling x2  
  28  2:47  Zergling x6, Baneling Nest  
  28  2:49  Zergling x2  
  32  2:53  Zergling x2  
  32  2:57  Zergling x2  
  34  2:58  Zergling x2  
  34  3:03  Zergling x2  
  36  3:09  Overlord  
  35  3:24  Overlord  
  35  3:28  Zergling x6  
  35  3:32  Baneling  
  35  3:33  Baneling  
  35  3:34  Baneling x2  
  38  3:35  Baneling  
  38  3:38  Drone  
  37  3:41  Drone  
  37  3:47  Drone  
  31  3:55  Drone  
  31  3:56  Drone  
  31  3:57  Drone  
  31  3:59  Zergling x2  
  31  4:02  Zergling x2  
  32  4:05  Zergling x2  
  33  4:14  Baneling  
  33  4:15  Baneling  
  33  4:23  Hatchery  
  32  4:29  Zergling x4  
  35  4:37  Hatchery, Zergling x4  
  32  4:44  Zergling x2  
  31  4:46  Baneling  
  31  4:48  Zergling x4  
  34  4:52  Zergling x2  
  34  4:53  Zergling x2  
  34  4:55  Zergling x2  
  34  4:58  Zergling x2  
  37  5:01  Zergling x4  
  37  5:04  Zergling x2  
  40  5:07  Zergling x2  
  40  5:09  Zergling x2  
  42  5:16  Zergling x2  
  42  5:20  Zergling x4  
  45  5:26  Baneling  
  45  5:27  Baneling x5  
  44  5:29  Zergling x2  
  44  5:34  Zergling x4  
  47  5:40  Baneling  
  47  5:42  Zergling x4  
  48  5:43  Zergling x2  
  48  5:45  Zergling x2  
  44  5:52  Zergling x4  
  44  5:54  Zergling x2  
  44  5:55  Zergling x2  
  44  6:02  Zergling x4  
  44  6:03  Zergling x2  
  43  6:06  Zergling x2  
  43  6:11  Zergling x2  
  43  6:13  Zergling x2  
  43  6:15  Zergling x2  
  41  6:19  Baneling  
  41  6:21  Baneling  
  41  6:22  Baneling, Zergling x2  
  41  6:23  Zergling x2  
  43  6:27  Zergling x2  
  44  6:34  Zergling x2  
  40  6:54  Zergling x14  
  41  6:55  Zergling x4  
  41  6:58  Zergling x2  
  40  7:02  Zergling x4  
  40  7:04  Baneling  
  40  7:05  Baneling  
  41  7:10  Zergling x4  
  41  7:12  Baneling  
  41  7:13  Baneling  
  43  7:16  Zergling x2  
  43  7:23  Zergling x4  
  44  7:33  Zergling x2  
  44  7:35  Baneling x2  
  44  7:36  Zergling x4  
  40  7:38  Zergling x2  
  40  7:43  Baneling  
  41  7:50  Baneling  
  41  7:51  Zergling x4  
  37  8:00  Zergling x2  
  37  8:03  Zergling x10  
  38  8:08  Zergling x4  
  38  8:10  Zergling x2  
  41  8:12  Zergling x2  
  41  8:15  Zergling x2  
  39  8:20  Baneling x2  
  39  8:21  Zergling x2  
  39  8:22  Zergling x2  
  41  8:28  Zergling x2  
  41  8:31  Baneling x2  
  42  8:36  Overlord  
  42  8:40  Baneling  
  42  8:47  Baneling  
  41  8:51  Zergling x4  
  41  8:56  Zergling x4  
  41  9:00  Baneling  
Tags
 
Add a new tag
Caveats
  • Supply blocks, unpowered buildings, or Contaminate may cause inaccurate times.
  • Supply counts are checked every 10 seconds.